 Dungeon Crawl Stone Soup version 0.31-a0-232-gb1c03b2570 (webtiles) character file.

Game seed: 16499630209026451615

3501 qw the Skirmisher (level 9, 0/82 HPs)
             Began as a Minotaur Hexslinger on July 7, 2023.
             Slain by a vampire mosquito (3 damage)
             ... on level 7 of the Dungeon.
             The game lasted 00:01:58 (5444 turns).

qw the Skirmisher (Minotaur Hexslinger)             Turns: 5444, Time: 00:01:59

Health: 0/82       AC:  6    Str: 14    XL:     9   Next: 80%
Magic:  9/9        EV: 14    Int: 10    God:
Gold:   321        SH:  0    Dex: 23    Spells: 9/10 levels left

rFire   . . .        Y - +0 arbalest (drain)
rCold   . . .        (shield currently unavailable)
rNeg    . . .        d - +0 ring mail
rPois   .            (helmet restricted)
rElec   .            c - +0 cloak "Beughali" {-Cast Fly Dex+7 Stlth+}
rCorr   .            (no gloves)
SInv    .            (no boots)
Will    .....        (no amulet)
Stlth   ++           (no ring)
HPRegen 0.33/turn    (no ring)
MPRegen 0.11/turn

%: no spellcasting
@: flying
A: horns 2, retaliatory headbutt
a: no special abilities


You were on level 7 of the Dungeon.
You visited 2 branches of the dungeon, and saw 8 of its levels.

You collected 321 gold pieces.


Innate Abilities, Weirdness & Mutations

You have a pair of horns on your head.
You reflexively headbutt those who attack you in melee.


   Skills:
 - Level 8.4 Fighting
 - Level 12.0 Ranged Weapons
 - Level 3.2 Armour
 + Level 5.5 Dodging
 - Level 1.0 Spellcasting
 - Level 2.0 Hexes


You had 9 spell levels left.
You knew the following spells:

 Your Spells              Type           Power      Damage    Failure   Level
a - Slow                  Hex            16%        N/A       30%         1

Your spell library contained the following spells:

 Spells                   Type           Power      Damage    Failure   Level
 Inner Flame              Hex/Fire       2%         N/A       80%         3
 Portal Projectile        Hex/Tloc       4%         N/A       80%         3
 Cause Fear               Hex            2%         N/A       96%         4

Inventory:

Hand Weapons
 Y - a +0 arbalest of draining (weapon)
Armour
 b - +0 steam dragon scales
 c - the +0 cloak "Beughali" (worn) {-Cast Fly Dex+7 Stlth+}
   (You found it on level 2 of the Dungeon)

   Dex:       It affects your dexterity (+7).
   Fly:       It grants you flight.
   -Cast:     It prevents spellcasting.
   Stlth:     It makes you more stealthy.
 d - a +0 ring mail (worn)
Scrolls
 e - 2 scrolls of identify
Potions
 a - 2 potions of enlightenment
 i - 2 potions of curing

Dungeon Overview and Level Annotations

Branches:
Dungeon (7/15)             Temple (1/1) D:5

Altars:
Ashenzari
Cheibriados
Dithmenos
Fedhas
Gozag
Hepliaklqana
Kikubaaqudgha
Makhleb
Nemelex Xobeh
Qazlal
Ru
Sif Muna
Uskayaw
Vehumet
Xom
Yredelemnul
Zin
The Shining One

Shops:
D:1 :

Annotations:
D:4 2 transporters, qw's ghost, amateur MiHs


Message History

The vampire mosquito closely misses you.
The vampire mosquito bites you but does no damage.
The white imp closely misses you.
You shoot a bolt. The bolt hits the vampire mosquito!!
You destroy the vampire mosquito!
The vampire mosquito misses you. You furiously retaliate!
You headbutt the vampire mosquito. The vampire mosquito bites you.
The vampire mosquito draws strength from your injuries!
The iguana barely misses you. You furiously retaliate!
You headbutt the iguana. The vampire mosquito barely misses you.
The white imp barely misses you. You furiously retaliate!
You headbutt the white imp. You shoot a bolt.
The bolt hits the white imp but does no damage.
The white imp is heavily wounded.
The vampire mosquito bites you.
The vampire mosquito draws strength from your injuries!
The iguana closely misses you. You furiously retaliate!
You headbutt the iguana! The vampire mosquito barely misses you.
The white imp gestures at you. The puff of frost hits you!
The iguana misses you.
The vampire mosquito closely misses you.
You shoot a bolt. The bolt barely misses the iguana.
The vampire mosquito barely misses you. The white imp puffs mist at you.
The white imp hits you but does no damage.
The vampire mosquito closely misses you.
The iguana barely misses you. The white imp misses you.
You shoot a bolt. The bolt completely misses the iguana.
The bolt hits the kobold brigand but does no damage.
The vampire mosquito barely misses you. You furiously retaliate!
You headbutt the vampire mosquito! The vampire mosquito bites you!
The vampire mosquito draws strength from your injuries!
The iguana bites you. The white imp closely misses you.
The vampire mosquito bites you.
The vampire mosquito draws strength from your injuries!
The iguana closely misses you.
You shoot a bolt. The bolt hits the iguana!
You kill the iguana!
The vampire mosquito bites you.
You die...

#..##...# #..###
####.##...## ##...#
#.......#### ###..
#.#...###..# ### .
###...###....# )#
).###...###......# # #.
#.#...###....%...#
##...
#.#.##'..........#hTl.#
#.#...###.......@y#
#..##...###....K.5..'#
#.
#.........###...o.)$.#
?#
#..)##......###..#?:.#
###
#...####...#..########
###..
..#...####..#...##
##...# #'#...#
##..##..# #..###
......# ####..##.##
##..).. ...)..#
#...#..#..# #......


You could see a troll, a vampire mosquito, a kobold brigand, an iguana, a hound,
a white imp and an orc.

Vanquished Creatures
  A hornet (D:7)
  A basilisk (D:7)
  A steam dragon (D:7)
  2 yaks (D:7)
  A vampire mosquito (D:7)
  An ice beast (D:5)
  3 ogres
  4 phantoms
  4 scorpions
  A wyvern skeleton (D:6)
  A gnoll sergeant (D:7)
  A wyvern zombie (D:6)
  12 killer bees
  2 howler monkeys
  2 bullfrog zombies (D:6)
  4 centaur zombies (D:6)
  2 hounds
  An orc priest (D:3)
  3 jellies (D:5)
  A bullfrog skeleton (D:6)
  A centaur skeleton (D:6)
  Jessica (D:3)
  4 iguanas
  3 orc wizards
  A howler monkey zombie (D:6)
  Robin (D:4)
  A howler monkey skeleton (D:6)
  10 adders
  8 gnolls
  4 shadow imps
  An ufetubus (D:7)
  3 dart slugs
  18 orcs
  5 ball pythons
  5 endoplasms
  3 giant cockroaches
  13 goblins
  7 hobgoblins
  11 jackals
  3 quokkas
  5 bats
  4 frilled lizards
  5 kobolds
  6 rats
171 creatures vanquished.

Notes
Turn   | Place    | Note
-------+----------+-------------------------------------------
     0 | D:1      | qw the Minotaur Hexslinger began the quest for the Orb.
     0 | D:1      | Reached XP level 1. HP: 16/16 MP: 1/1
     0 | D:1      | 0 ||| qw: Version: 0.3-a-46-gb1f654a
     0 | D:1      | 0 ||| qw: Game counter: 2529
     0 | D:1      | 0 ||| qw: Melee chars always use a shield: true
     0 | D:1      | 0 ||| qw: God list: Okawaru
     0 | D:1      | 0 ||| qw: Allow faded altars: false
     0 | D:1      | 0 ||| qw: Do Orc after clearing Dungeon:15 true
     0 | D:1      | 0 ||| qw: Do second Lair branch before Depths: true
     0 | D:1      | 0 ||| qw: Lair rune preference: random
     0 | D:1      | 0 ||| qw: Goals: Normal
     0 | D:1      | 0 ||| PLANNING D:1-11
    99 | D:1      | Reached skill level 3 in Ranged Weapons
   101 | D:1      | Reached XP level 2. HP: 23/23 MP: 2/2
   197 | D:1      | Found Daeturcho's Book Boutique.
   519 | D:1      | 519 ||| UPGRADING to +0 leather armour.
   529 | D:1      | 529 ||| DROPPING +0 robe.
   530 | D:1      | 530 ||| READING scroll labelled RYPTAMEDIB.
   530 | D:1      | Identified a scroll of acquirement
   530 | D:1      | 530 ||| ACQUIRING +0 arbalest of freezing
   530 | D:1      | Acquired a +0 arbalest of freezing
   532 | D:1      | 532 ||| SWAPPING to +0 arbalest of freezing.
   533 | D:1      | 533 ||| DROPPING +1 sling.
   534 | D:1      | 534 ||| READING scroll labelled KERRIZ IJAID.
   535 | D:1      | 535 ||| READING scroll labelled QYCZOARGH RIRU.
   536 | D:1      | 536 ||| DROPPING scroll of poison.
   579 | D:2      | Reached XP level 3. HP: 29/29 MP: 3/3
   597 | D:2      | Identified the +0 cloak "Beughali" {-Cast Fly Dex+7 Stlth+}
   776 | D:2      | Reached skill level 4 in Ranged Weapons
  1009 | D:2      | 1009 ||| UPGRADING to +0 cloak "Beughali" {-Cast Fly Dex+7
                  | Stlth+}.
  1014 | D:2      | 1014 ||| UPGRADING to +0 ring mail.
  1024 | D:2      | 1024 ||| DROPPING +0 leather armour.
  1025 | D:2      | 1025 ||| DROPPING +6 ring of intelligence.
  1026 | D:2      | 1026 ||| READING 2 scrolls labelled HEK VOTEXTOI.
  1030 | D:2      | 1030 ||| READING scroll labelled GELUCY ALEGO.
  1031 | D:2      | 1031 ||| READING scroll labelled UMIOGYURUZI.
  1032 | D:2      | 1032 ||| READING scroll labelled WUAFIU PODI.
  1059 | D:3      | Reached skill level 1 in Armour
  1182 | D:3      | 1182 ||| FLEEEEING.
  1183 | D:3      | 1183 ||| FLEEEEING.
  1191 | D:3      | HP: 6/29 [something/puff of flame (8)]
  1194 | D:3      | Reached XP level 4. HP: 8/36 MP: 4/4
  1224 | D:3      | 1224 ||| FLEEEEING.
  1225 | D:3      | 1225 ||| FLEEEEING.
  1363 | D:3      | Reached skill level 5 in Ranged Weapons
  1366 | D:3      | Reached XP level 5. HP: 44/44 MP: 5/5
  1411 | D:3      | Reached skill level 3 in Fighting
  1602 | D:3      | Found an opulent altar of Gozag.
  1733 | D:3      | Found an opulent altar of Gozag.
  1733 | D:3      | Found an opulent altar of Gozag.
  1742 | D:3      | Found an opulent altar of Gozag.
  1838 | D:3      | Noticed Jessica
  1839 | D:3      | Killed Jessica
  1930 | D:3      | 1930 ||| READING scroll labelled SACOKHEAG.
  1931 | D:3      | 1931 ||| DRINKING 3 sapphire potions.
  1932 | D:3      | 1932 ||| READING 2 scrolls of identify.
  1932 | D:3      | 1932 ||| IDENTIFYING inky potion
  1933 | D:3      | 1933 ||| DROPPING potion of ambrosia.
  1972 | D:4      | 1972 ||| STAIRDANCE
  2007 | D:4      | Reached skill level 6 in Ranged Weapons
  2007 | D:4      | 2007 ||| STAIRDANCE
  2036 | D:4      | Reached XP level 6. HP: 51/51 MP: 6/6
  2046 | D:4      | Identified the +1 spear of Massacring {vamp, Str+5 Dex+3}
  2116 | D:4      | Found a radiant altar of Vehumet.
  2170 | D:4      | Found a hide-covered altar of Uskayaw.
  2171 | D:4      | Noticed Robin
  2180 | D:4      | Killed Robin
  2344 | D:4      | Found a shimmering altar of Xom.
  2349 | D:4      | Found a hazy altar of Hepliaklqana.
  2350 | D:4      | Noticed a spectral ugly thing
  2350 | D:4      | Noticed a yak
  2463 | D:4      | Noticed qw's ghost (amateur MiHs)
  2488 | D:4      | Found a transporter.
  2494 | D:4      | Found a transporter.
  2570 | D:4      | 2570 ||| READING scroll labelled HIUZOQ IKYLA.
  2571 | D:4      | 2571 ||| DRINKING 2 bubbling yellow potions.
  2572 | D:4      | 2572 ||| DRINKING 2 brown potions.
  2573 | D:4      | 2573 ||| READING 4 scrolls of identify.
  2573 | D:4      | 2573 ||| IDENTIFYING coppery potion
  2574 | D:4      | 2574 ||| DROPPING potion of lignification.
  2591 | D:5      | Entered Level 5 of the Dungeon
  2653 | D:5      | Reached skill level 7 in Ranged Weapons
  2653 | D:5      | Reached XP level 7. HP: 60/60 MP: 7/7
  2838 | D:5      | Reached skill level 3 in Dodging
  3129 | D:5      | Reached skill level 8 in Ranged Weapons
  3271 | D:5      | Found a staircase to the Ecumenical Temple.
  3272 | D:5      | 3272 ||| PLANNING TEMPLE
  3278 | Temple   | Entered the Ecumenical Temple
  3458 | Temple   | 3458 ||| PLANNING D:1-11
  3821 | D:6      | Found a snail-covered altar of Cheibriados.
  3889 | D:6      | Reached XP level 8. HP: 68/68 MP: 8/8
  4035 | D:6      | Reached skill level 9 in Ranged Weapons
  4112 | D:6      | Reached skill level 6 in Fighting
  4185 | D:6      | Found a shadowy altar of Dithmenos.
  4224 | D:6      | Reached skill level 10 in Ranged Weapons
  4389 | D:6      | Found a glowing golden altar of the Shining One.
  4454 | D:6      | Reached XP level 9. HP: 79/79 MP: 9/9
  4542 | D:6      | 4542 ||| READING 3 scrolls of identify.
  4542 | D:6      | 4542 ||| IDENTIFYING pink potion
  4543 | D:6      | 4543 ||| DROPPING potion of attraction.
  4606 | D:7      | HP: 11/79 [gnoll sergeant/+0 trident (13)]
  4607 | D:7      | 4607 ||| READING 4 scrolls of teleportation.
  4607 | D:7      | HP: 3/79 [gnoll sergeant/+0 trident (6)]
  4608 | D:7      | 4608 ||| DRINKING 3 potions of heal wounds.
  4612 | D:7      | HP: 14/79 [shadow imp/nerve-wracking pain (11)]
  4613 | D:7      | 4613 ||| READING 3 scrolls of teleportation.
  4614 | D:7      | 4614 ||| DRINKING 2 potions of heal wounds.
  4617 | D:7      | HP: 19/79 [killer bee (4)]
  4618 | D:7      | 4618 ||| READING 2 scrolls of teleportation.
  4618 | D:7      | HP: 6/79 [killer bee (7)]
  4619 | D:7      | 4619 ||| DRINKING potion of heal wounds.
  4622 | D:7      | 4622 ||| READING scroll of teleportation.
  4623 | D:7      | HP: 5/79 [poisoned by a killer bee]
  4624 | D:7      | 4624 ||| FLEEEEING.
  4625 | D:7      | 4625 ||| DRINKING 2 potions of curing.
  4625 | D:7      | 4625 ||| (to cure poison)
  5025 | D:7      | Reached skill level 11 in Ranged Weapons
  5026 | D:7      | Reached skill level 3 in Armour
  5026 | D:7      | HP: 17/79 [killer bee (4)]
  5030 | D:7      | HP: 7/79 [poisoned by a killer bee]
  5428 | D:7      | Reached skill level 12 in Ranged Weapons
  5430 | D:7      | Noticed a troll
  5441 | D:7      | HP: 19/82 [white imp/puff of frost (9)]
  5443 | D:7      | HP: 8/82 [iguana (3)]
  5443 | D:7      | HP: 3/82 [vampire mosquito (5)]
  5444 | D:7      | Slain by a vampire mosquito

Levels and vault maps discovered:
D:1:      dpeg_arrival_signposts, layout_rooms, serial_shops, shop
D:2:      cheibrodos_old_hovel, layout_rooms, hangedman_decor_points
D:3:      layout_loops_ring, nicolae_gozag_conspicuous_consumption, uniq_jessica
D:4:      layout_cave_pools, mainiacjoe_overflow_small_starburst,
          regret_index_temple_of_mockery,
          nicolae_uskayaw_murder_on_the_dancefloor,
          gammafunk_ghost_gnarly_gnolls, uniq_robin
D:5:      layout_basic, minmay_temple_entry_enclosed_plants
D:6:      layout_basic, mainiacjoe_overflow_catwalk, kennysheep_mini_moat,
          mainiacjoe_overflow_boulevard, serial_undead, serial_undead_c,
          serial_undead_c, serial_undead_c, serial_undead_b, serial_undead_a,
          serial_undead_a, serial_undead_c
D:7:      minmay_the_grid_four_pointed_star
          [minmay_the_grid_triangle_9x9_sparse_checkered,
          minmay_the_grid_triangle_9x9_stretched_checkered,
          minmay_the_grid_triangle_9x9_empty,
          minmay_the_grid_triangle_9x9_windchime,
          minmay_the_grid_prize_four_corners], layout_basic,
          grunt_decor_fettered
Temple:   chequers_temple_sunken

Skill      XL: |  1  2  3  4  5  6  7  8  9 |
---------------+----------------------------+-----
Ranged Weapons | 3 4 5 6 7 8 10 12 | 12.0
Fighting       | 2 3 4 5 7 8 |  8.4
Armour         | 1 2 3 |  3.2
Dodging        | 3 4 5 |  5.5
Spellcasting   | |  1.0
Hexes          | |  2.0

Action                     |  1- 3 |  4- 6 |  7- 9 || total
---------------------------+-------+-------+-------++-------
   Fire: Sling             |    52 |       |       ||    52
         Arbalest          |    29 |    90 |   221 ||   340
    Use: Scroll            |     7 |     4 |     5 ||    16
         Potion            |       |     3 |     4 ||     7
 Armour: Robe              |     5 |       |       ||     5
         Ring mail         |     1 |    44 |    59 ||   104
         Leather armour    |     1 |       |       ||     1
  Dodge: Dodged            |    16 |    67 |   195 ||   278

Table legend:
 A = Non-vault XP
 B = Vault XP
 C = Vault XP percentage of total XP
 D = Non-vault monster count
 E = Vault monster count
 F = Vault count percentage of total count
                 A         B        C        D         E       F
            +---------+---------+-------+---------+---------+-------
      Total |    3414 |    1624 |  32.2 |     139 |      32 |  18.7
            +---------+---------+-------+---------+---------+-------
        D:1 |      35 |       0 |   0.0 |      22 |       0 |   0.0
        D:2 |      33 |       1 |   2.9 |      13 |       1 |   7.1
        D:3 |     226 |      37 |  14.1 |      25 |       1 |   3.8
        D:4 |     256 |      34 |  11.7 |      18 |      11 |  37.9
        D:5 |     750 |       0 |   0.0 |      23 |       0 |   0.0
        D:6 |     751 |     754 |  50.1 |      14 |      14 |  50.0
        D:7 |    1363 |     798 |  36.9 |      24 |       5 |  17.2
            +---------+---------+-------+---------+---------+-------
